 Dungeon Crawl Stone Soup version 0.21-a0-509-gecc5317 (webtiles) character file.

431 DogShitOnMyToe the Conjurer (level 6, -3/32 HPs)
             Began as a Deep Elf Venom Mage on Nov 30, 2017.
             Was a Follower of Vehumet.
             Slain by a mummy (18 damage)
             ... on level 5 of the Dungeon.
             The game lasted 00:20:12 (5125 turns).

DogShitOnMyToe the Conjurer (Deep Elf Venom Mage)   Turns: 5125, Time: 00:20:13

Health: -3/32      AC:  3    Str:  5    XL:     6   Next: 67%
Magic:  12/12      EV: 13    Int: 22    God:    Vehumet [*.....]
Gold:   181        SH:  0    Dex: 15    Spells: 0/11 levels left

rFire    . . .     SeeInvis .   s - +2 dagger (elec)
rCold    . . .     Gourm    .   (no shield)
rNeg     . . .     Faith    .   a - +0 robe
rPois    .         Spirit   .   i - +0 helmet
rElec    .         Reflect  .   (no cloak)
rCorr    .         Harm     .   (no gloves)
MR       .....                  (no boots)
Stlth    ++........             (no amulet)
HPRegen  0.10/turn              (no ring)
MPRegen  0.13/turn              (no ring)

@: no status effects
A: no striking features
a: Renounce Religion


You were on level 5 of the Dungeon.
You worshipped Vehumet.
Vehumet was aware of your devotion.
You were not hungry.

You visited 1 branch of the dungeon, and saw 5 of its levels.

You collected 181 gold pieces.

Inventory:

Hand Weapons
 g - a +1 vampiric short sword
 j - a +0 dagger
 s - a +2 dagger of electrocution (weapon)
Armour
 a - a +0 robe (worn)
 i - a +0 helmet (worn)
Jewellery
 h - a cursed ring of teleportation {unknown}
Scrolls
 d - a scroll of enchant weapon {unknown}
 m - a scroll of remove curse
 q - a scroll of fog {unknown}
 r - a scroll of identify
 t - a scroll of teleportation
 u - a scroll of fear {unknown}
Potions
 c - 2 potions of resistance {unknown}
 e - a potion of lignification {unknown}
 k - 2 potions of ambrosia
 l - 2 potions of agility
 n - a potion of haste
 o - a potion of cancellation {unknown}
 p - a potion of curing {unknown}
 v - a potion of heal wounds {unknown}
Books
 b - a Young Poisoner's Handbook

   Spells                             Type                      Level
   a - Sting                          Conjuration/Poison           1
   b - Poisonous Vapours              Poison/Air                   2
   c - Mephitic Cloud                 Conjuration/Poison/Air       3
   d - Olgreb's Toxic Radiance        Poison                       4
   e - Venom Bolt                     Conjuration/Poison           5
Comestibles
 f - 2 meat rations


   Skills:
 - Level 2.4 Dodging
 - Level 2.4 Stealth
 - Level 3.0 Spellcasting
 + Level 7.7 Conjurations
 - Level 3.2 Poison Magic


You couldn't memorise any spells.
You knew the following spells:

 Your Spells              Type           Power        Failure   Level  Hunger
a - Sting                 Conj/Pois      ####         1%          1    None
b - Poisonous Vapours     Pois/Air       ##....       10%         2    ##.....
c - Mephitic Cloud        Conj/Pois/Air  ###.....     9%          3    ###....
d - Magic Dart            Conj           ####         1%          1    None
r - Olgreb's Toxic Radia  Pois           ###.....     32%         4    ####...


Dungeon Overview and Level Annotations

Branches:
Dungeon (5/15)
 Temple: D:4-7

Altars:
Gozag
Vehumet

Annotations:
D:4 Menkaure


Message History

You puncture the mummy!
The mummy is moderately damaged.
The mummy hits you!
* * * LOW HITPOINT WARNING * * *
You closely miss the mummy.
The mummy is moderately damaged.
You barely miss the mummy.
The mummy is moderately damaged.
The mummy barely misses you.
You hit the mummy.
The mummy is heavily damaged.
You hit the mummy.
The mummy is heavily damaged.
The mummy hits you.
* * * LOW HITPOINT WARNING * * *
You barely miss the mummy.
The mummy is heavily damaged.
The mummy hits you!!
Ouch! That really hurt!
You die...

####### #####.....#
#.........# .......
#.##..##..# .......
#.#....# 5......
#.#....# .......
#.####@# .......
#.#?!M.# <
.......###.######.##
....................
........###.#...####
........#..<.......#
..........#........#
...................#
...................#


You could see a mummy.

Vanquished Creatures
  A scorpion (D:3)
  4 orc priests
  Jessica (D:3)
  3 gnolls (D:3)
  8 adders
  3 oozes
  A worm (D:3)
  2 dart slugs (D:1)
  A leopard gecko (D:2)
  17 orcs
  12 bats
  3 giant cockroaches
  11 goblins
  10 hobgoblins
  10 jackals
  8 kobolds
  A quokka (D:2)
  3 frilled lizards
  A hobgoblin zombie (D:5)
  2 kobold zombies (D:5)
  An orc zombie (D:5)
  8 rats
111 creatures vanquished.

Notes
Turn   | Place    | Note
-------+----------+-------------------------------------------
     0 | D:1      | DogShitOnMyToe the Deep Elf Venom Mage began the quest for the Orb.
     0 | D:1      | Reached XP level 1. HP: 10/10 MP: 6/6
    59 | D:1      | Reached skill level 2 in Conjurations
    66 | D:1      | HP: 5/10 [hobgoblin/club (5)]
    67 | D:1      | Reached XP level 2. HP: 7/15 MP: 0/8
   511 | D:1      | Reached skill level 3 in Conjurations
   679 | D:1      | Reached XP level 3. HP: 19/19 MP: 7/9
  1054 | D:1      | HP: 8/19 [ooze (4)]
  1077 | D:1      | HP: 7/19 [ooze (3)]
  1098 | D:1      | HP: 4/19 [ooze (4)]
  1600 | D:1      | Learned a level 2 spell: Poisonous Vapours
  1604 | D:1      | Learned a level 3 spell: Mephitic Cloud
  1628 | D:2      | Reached skill level 4 in Conjurations
  1702 | D:2      | Reached XP level 4. HP: 24/24 MP: 3/10
  2116 | D:2      | Reached skill level 5 in Conjurations
  2318 | D:3      | Reached XP level 5. HP: 26/28 MP: 1/11
  2542 | D:3      | Noticed an ice beast
  2573 | D:2      | Found a radiant altar of Vehumet.
  2578 | D:2      | Became a worshipper of Vehumet
  3029 | D:3      | Reached skill level 6 in Conjurations
  3513 | D:3      | Reached XP level 6. HP: 27/32 MP: 0/12
  3542 | D:3      | Reached * piety under Vehumet
  3542 | D:3      | Offered knowledge of Magic Dart by Vehumet.
  3654 | D:3      | Learned a level 1 spell: Magic Dart
  3659 | D:3      | Learned a level 4 spell: Olgreb's Toxic Radiance
  3724 | D:3      | Reached skill level 7 in Conjurations
  3941 | D:3      | Noticed Jessica
  3943 | D:3      | Killed Jessica
  3960 | D:3      | HP: 16/32 [jackal (3)]
  4845 | D:4      | Found an opulent altar of Gozag.
  5051 | D:4      | Noticed Menkaure
  5085 | D:5      | Entered Level 5 of the Dungeon
  5124 | D:5      | HP: 14/32 [mummy (6)]
  5125 | D:5      | Slain by a mummy

Vault maps used:
D:1:      scummos_arrival_simple_fountains, hangedman_glass_teeth
D:2:      lemuel_upstairs_altar, hangedman_feature_mirror
D:3:      kennysheep_generic_room_10, uniq_jessica
D:4:      kennysheep_crisscross, nicolae_gozag_seed_capital, uniq_menkaure
D:5:      minmay_temple_entry_fiery, first_bread, basic_altar,
          minmay_mini_ossuary

Skill      XL: |  1  2  3  4  5  6 |
---------------+-------------------+-----
Conjurations   | 2 3 4 5 6 7 |  7.7
Dodging        | |  2.4
Stealth        | |  2.4
Spellcasting   | |  3.0
Poison Magic   | |  3.2

Action                   |  1- 3 |  4- 6 || total
-------------------------+-------+-------++-------
Melee: Unarmed           |       |     2 ||     2
       Dagger            |       |    36 ||    36
 Cast: Sting             |    87 |   129 ||   216
       Poisonous Vapours |     3 |    21 ||    24
       Mephitic Cloud    |       |     3 ||     3
       Magic Dart        |       |     3 ||     3
  Use: Scroll            |       |     6 ||     6
 Stab: Sleeping          |       |     3 ||     3
  Eat: Chunk             |     2 |     9 ||    11
       Bread ration      |       |     1 ||     1
Armor: Robe              |     4 |    13 ||    17
Dodge: Dodged            |    30 |    37 ||    67

Table legend:
 A = Spawn XP
 B = Non-spawn XP
 C = Spawn XP percentage of total XP
 D = Spawn monster count
 E = Non-spawn monster count
 F = Spawn count percentage of total count
 G = Total turns spent on level
                    A         B        C        D         E        F      G
               +---------+---------+-------+---------+---------+-------+---------
         Total |       0 |     617 |   0.0 |       0 |     111 |   0.0 |  5125
               +---------+---------+-------+---------+---------+-------+---------
           D:1 |       0 |      67 |   0.0 |       0 |      32 |   0.0 |  1618
           D:2 |       0 |      94 |   0.0 |       0 |      21 |   0.0 |   787
           D:3 |       0 |     392 |   0.0 |       0 |      48 |   0.0 |  2182
           D:4 |       0 |      60 |   0.0 |       0 |       6 |   0.0 |   498
           D:5 |       0 |       4 |   0.0 |       0 |       4 |   0.0 |    40
               +---------+---------+-------+---------+---------+-------+---------
